Map: Beckett Industries LE

Players

Throwfordays - Winner!

  • Race: Terran Terran
  • League: Gold

maxrick

  • Race: Terran Terran
  • League: Silver

VOD

Have the link to the VOD?

Description

Time

  • Played on: Aug. 27, 2021, 9:33 p.m.
  • Length: 11:47
Show
View Real Time Build Order
Export as new Build Order

Throwfordays Terran - Winner!

Build Orders:  

Get SALT Encoding   

  12  0:00  SCV  
  13  0:15  Supply Depot  
  13  0:17  SCV  
  14  0:29  SCV  
  15  0:39  Barracks  
  15  0:42  Refinery  
  15  0:44  SCV  
  16  0:56  SCV  
  17  1:12  Barracks  
  17  1:18  SCV  
  18  1:27  Supply Depot  
  18  1:30  SCV  
  19  1:36  Reaper  
  20  1:41  Refinery  
  20  1:42  SCV  
  21  1:53  Barracks  
  21  2:00  Reaper  
  22  2:05  SCV  
  23  2:10  Reaper  
  24  2:17  SCV  
  25  2:30  SCV  
  25  2:32  Reaper  
  27  2:42  Supply Depot  
  27  2:47  Reaper  
  27  2:48  Reaper  
  29  3:05  Reaper  
  30  3:19  Reaper  
  31  3:20  Reaper  
  32  3:51  Barracks Reactor  
  32  3:53  Barracks Reactor  
  32  3:56  Barracks Reactor  
  32  4:05  Command Center  
  32  4:07  Factory  
  32  4:32  Marine x4  
  32  4:33  Marine x2  
  38  4:57  Factory Tech Lab  
  38  4:59  Supply Depot  
  38  5:22  Marine  
  38  5:23  Marine x4  
  38  5:24  Marine  
  38  5:25  Siege Tank  
  47  5:32  Supply Depot  
  47  6:17  Siege Tank  
  50  6:45  SCV  
  51  6:47  SCV  
  51  6:49  Siege Tank  
  55  6:57  SCV  
  55  6:59  SCV  
  57  7:09  SCV  
  57  7:11  SCV  
  59  7:21  SCV  
  60  7:23  SCV  
  61  7:33  SCV  
  61  7:35  SCV  
  63  8:18  Starport  
  63  8:21  Starport  
  61  8:33  Marine x6  
  67  8:51  Marine x3  
  70  8:56  Supply Depot, Orbital Command  
  70  8:58  Supply Depot  
  70  9:02  Orbital Command  
  70  9:03  Supply Depot  
  70  9:10  Marine x3  
  70  9:14  Marine  
  70  9:18  Marine x2  
  70  9:28  Marine x3  
  70  9:31  Marine, Starport Tech Lab x2  
  73  9:36  Marine x2  
  76  9:40  Siege Tank  
  79  9:46  Marine x2  
  79  9:49  Marine  
  79  9:50  Banshee x2  
  88  9:54  Cloaking Field  
  88  10:01  Refinery x2  
  88  10:33  Viking x2  
Show
View Real Time Build Order
Export as new Build Order

maxrick Terran 

Build Orders:  

Get SALT Encoding   

  12  0:19  SCV  
  13  0:34  Supply Depot, SCV  
  14  0:46  Refinery, SCV  
  14  0:47  Refinery  
  15  0:57  Barracks  
  15  1:30  Command Center  
  15  1:37  SCV  
  16  1:49  SCV  
  16  1:50  Supply Depot  
  17  2:01  SCV  
  18  2:13  SCV  
  19  2:22  Engineering Bay  
  19  2:25  SCV  
  19  2:28  Marine  
  21  2:37  SCV  
  22  2:46  Marine  
  24  2:56  Planetary Fortress  
  22  3:04  Marine  
  19  3:17  Factory  
  14  3:22  Marine  
  14  3:34  SCV  
  15  3:46  SCV  
  14  3:52  SCV  
  15  3:58  SCV  
  15  4:00  Barracks Reactor  
  16  4:04  SCV  
  16  4:08  Hi-Sec Auto Tracking  
  17  4:10  SCV  
  17  4:12  Factory Tech Lab  
  17  4:16  SCV  
  19  4:22  SCV  
  20  4:34  SCV  
  21  4:38  Refinery  
  12  5:16  Marine  
  13  5:31  Refinery  
  13  5:32  Refinery  
  13  5:34  Marine  
  11  5:51  Marine  
  12  5:59  Refinery  
  12  6:09  Marine  
  12  6:16  Siege Tank  
  14  6:27  Marine  
  15  6:37  Supply Depot  
  14  6:40  Supply Depot  
  13  7:09  Siege Tank  
  13  7:10  Barracks  
  13  7:30  SCV  
  14  7:42  SCV  
  15  7:54  SCV  
  16  8:06  SCV  
  17  8:27  Siege Tank  
  20  8:56  Engineering Bay  
  17  9:36  Siege Tank  
  20  9:56  Starport  
  20  10:27  Factory Tech Lab  
  20  10:33  Liberator  
  23  10:47  Missile Turret  
Tags
 
Add a new tag
Caveats
  • Supply blocks, unpowered buildings, or Contaminate may cause inaccurate times.
  • Supply counts are checked every 10 seconds.